 Dungeon Sprint DCSS version 0.26-a0-1079-g3a4175ecf3 (webtiles) character file.

Game seed: 2482140485933010242

259 Adamkad1 the Carver (level 6, 52/52 HPs)
             Began as a Formicid Fighter on Dec 14, 2020.
             Was an Initiate of Wu Jian.
             Quit the game in the Dungeon (Sprint V: "Ziggurat Sprint").
             The game lasted 00:01:16 (294 turns).

Adamkad1 the Carver (Formicid Fighter)               Turns: 294, Time: 00:01:17

Health: 52/52      AC:  0    Str: 23    XL:     6   Next: 40%
Magic:  6/6        EV:  7    Int:  7    God:    Wu Jian [......]
Gold:   0          SH: 28    Dex: 10    Spells: 5/5 levels left

rFire    . . .     SeeInvis +   C - +7 Singing Sword {vorpal, sonic wave}
rCold    . . .     Faith    .   B - +18 shield of the Gong {rElec rN+ Will+ EV-5}
rNeg     + . .     Spirit   .   (no armour)
rPois    .         Reflect  .   (helmet unavailable)
rElec    +         Harm     .   (no cloak)
rCorr    .         Rampage  .   (no gloves)
Will     +....                  (no boots)
Stlth    +.........             (no amulet)
HPRegen  0.17/turn              (no ring)
MPRegen  0.10/turn              (no ring)

@: no status effects
A: permanent stasis, dig shafts and tunnels, four strong arms, antennae 3
a: Dig, Renounce Religion


You were in the Dungeon.
You worshipped Wu Jian.
Wu Jian was noncommittal.
You visited 1 branch

Inventory:

Hand Weapons
 C - the +7 Singing Sword (weapon) {vorpal, sonic wave}
   (You found it in the Dungeon)

   It inflicts extra damage upon your enemies.
Armour
 B - the +18 shield of the Gong (worn) {rElec rN+ Will+ EV-5}
   (You found it in the Dungeon)

   It affects your evasion (-5).
   It insulates you from electricity.
   It protects you from negative energy.
   It affects your willpower, your defense against some magical effects.
Jewellery
 u - an uncursed ring of flight
 v - a +6 ring of dexterity
 w - a +6 ring of dexterity
 x - a +6 ring of intelligence
 y - a +6 ring of intelligence
 z - a +6 ring of strength
 A - a +6 ring of strength
Wands
 r - a wand of disintegration (7)
 s - a wand of iceblast (7)
 t - a wand of acid (7)
Scrolls
 l - 4 scrolls of amnesia
 m - 7 scrolls of fog
 n - a scroll of holy word
 o - 5 scrolls of identify
 p - 5 scrolls of remove curse
 q - 2 scrolls of fear
Potions
 d - 6 potions of might
 e - 10 potions of curing
 f - 9 potions of heal wounds
 g - 7 potions of magic
 h - 2 potions of brilliance
 i - 2 potions of invisibility
 j - 4 potions of resistance


   Skills:
 + Level 5.7 Fighting
 * Level 9.9 Long Blades
 + Level 5.7 Armour
 + Level 3.8 Dodging
 + Level 6.3 Shields


You had 5 spell levels left.
You didn't know any spells.
Your spell library contained the following spells:

 Spells                   Type           Power        Failure   Level
 Beastly Appendage        Tmut           #.....       63%         1
 Wereblood                Tmut           #.......     77%         2
 Spider Form              Tmut/Pois      #.........   94%         3
 Ice Form                 Ice/Tmut       #.......     100%        4
 Blade Hands              Tmut           #.........   100%        5


Dungeon Overview and Level Annotations

Branches:
Dungeon (1/1)

Altars:
Ashenzari
Cheibriados
Dithmenos
Elyvilon
Fedhas
Gozag
Hepliaklqana
Kikubaaqudgha
Makhleb
Nemelex Xobeh
Okawaru
Qazlal
Ru
Sif Muna
Trog
Uskayaw
Vehumet
Wu Jian
Xom
Yredelemnul
Zin
The Shining One
Beogh
Jiyva
Lugonu

Annotations:
D 1 transporter


Innate Abilities, Weirdness & Mutations

You cannot be hasted, slowed, berserked, paralysed or teleported.
You can dig through walls and to a lower floor.
Your four strong arms can wield two-handed weapons with a shield.
You have a pair of large antennae on your head. (SInv)


Message History

GONNNNG!
You hit the scorpion.
You kill the scorpion!
The Council accepts your kill.
You see here a jumping spider corpse.
Press: ? - help, v - describe, . - travel, g - get item Item here: the +1 helmet of the Many Stories {rCorr}.
The floor.
You see here a book of Changes.
You pick up a book of Changes and begin reading...
You add the spells Beastly Appendage, Wereblood, Spider Form, Ice Form and Blade Hands to your library.
You start resting.
HP restored.
There is a transporter here.
You see here a jumping spider corpse.
There is a transporter landing site here.
Okay, then.
Okay, then.
Unknown command.
Are you sure you want to abandon this character and quit the game? (Confirm with "yes".)

▓▓▓▓▓▓▓
▓.8©8.▓
{{
▓.....▓
▓.[...▓
▓..†..▓
▓.....▓
▓..@..▓
▓▓▓▓▓▓▓
{{{ { {


There were no monsters in sight!

Vanquished Creatures
  A jumping spider (D)
  A scorpion (D)
2 creatures vanquished.

Notes
Turn   | Place    | Note
-------+----------+-------------------------------------------
     0 | D        | Adamkad1 the Formicid Fighter began the quest for the Orb.
     0 | D        | Reached XP level 1. HP: 18/18 MP: 1/1
     0 | D        | Found a shimmering blue altar of Sif Muna.
     0 | D        | Found a bloodstained altar of Trog.
     0 | D        | Found a sacrificial altar of Ru.
     0 | D        | Found a stormy altar of Qazlal.
     0 | D        | Found an iron altar of Okawaru.
     2 | D        | Found a sparkling altar of Nemelex Xobeh.
     3 | D        | Found the +6 Majin-Bo {vamp, MP+6 Int+6}
     3 | D        | Found the +9 heavy crossbow "Sniper" {vorpal, Acc+∞ SInv}
     3 | D        | Found the +10 dark maul {vorpal}
     3 | D        | Found the +15 Maxwell's patent armour {-Cast -Tele rElec
                  | Will+ rCorr}
     3 | D        | Found the +18 shield of the Gong {rElec rN+ Will+ EV-5}
     3 | D        | Found the cursed +14 obsidian axe {vorpal, +Fly SInv
                  | *Curse}
     3 | D        | Found the +7 great mace "Firestarter" {inner flame, rF++}
     3 | D        | Found the +6 shillelagh "Devastator" {shatter}
     3 | D        | Found the +11 plutonium sword {*Contam Stlth-}
     3 | D        | Found the +8 lance "Wyrmbane" {slay drac, rPois rF+ rC+
                  | AC+3}
     3 | D        | Found the +9 sword of Zonguldrok {reap}
     3 | D        | Found the cursed +13 scythe of Curses {drain, *Curse}
     3 | D        | Found the +0 sword of Power
     3 | D        | Found the +7 mace of Variability {chain chaos}
     3 | D        | Found the +7 Singing Sword {vorpal, sonic wave}
     3 | D        | Found the +8 storm bow {elec, penet}
     3 | D        | Found a blossoming altar of Fedhas.
     5 | D        | Found a transporter.
     5 | D        | Found an ancient bone altar of Kikubaaqudgha.
     5 | D        | Found a viscous altar of Jiyva.
     5 | D        | Found a corrupted altar of Lugonu.
     5 | D        | Found a hazy altar of Hepliaklqana.
     5 | D        | Found a burning altar of Makhleb.
     5 | D        | Found an opulent altar of Gozag.
    85 | D        | Became a worshipper of the Wu Jian Council
    94 | D        | Reached skill level 7 in Long Blades
    94 | D        | Reached XP level 2. HP: 24/24 MP: 2/2
   101 | D        | Entered arena 2.
   101 | D        | Noticed a jumping spider
   101 | D        | Noticed a scorpion
   101 | D        | Found a transporter.
   103 | D        | HP: 1/24 [jumping spider (1)]
   106 | D        | Killed a jumping spider
   107 | D        | Reached skill level 5 in Fighting
   107 | D        | Reached skill level 9 in Long Blades
   107 | D        | Reached skill level 5 in Armour
   107 | D        | Reached XP level 3. HP: 13/33 MP: 3/3
   107 | D        | Reached XP level 4. HP: 16/39 MP: 4/4
   107 | D        | Reached XP level 5. HP: 18/44 MP: 5/5
   107 | D        | Reached XP level 6. HP: 20/51 MP: 6/6
   294 | D        | Quit the game

Illustrated notes

Levels and vault maps discovered:
D:        sprint_v [room_start, room_1, room_2, room_3, room_4, room_5, room_6,
          room_7, room_8, room_9, room_10, room_11, room_12, room_13, room_14,
          room_15, room_16, room_17, room_18, room_19, room_20, room_21,
          room_22, room_23, room_24, room_25, room_26, room_27]

Skill      XL: |  1  2 |
---------------+-------+-----
Long Blades    | 7 9 |  9.9
Fighting       | 5 |  5.7
Armour         | 5 |  5.7
Dodging        | 3 |  3.8
Shields        | 6 |  6.3

Action                   |  1- 3 |  4- 6 || total
-------------------------+-------+-------++-------
Melee: Double sword      |     4 |     2 ||     6
Invok: Lunge             |     1 |       ||     1
  Use: Potion            |     2 |       ||     2
Block: Kite shield       |    11 |     1 ||    12

Table legend: (Time is in decaauts)
 A = Elapsed time spent in this place.
 B = Non-inter-level travel time spent in this place.
 C = Inter-level travel time spent in this place.
 D = Time resting spent in this place.
 E = Time spent auto-exploring this place.
 F = Levels seen in this place.
 G = Mean time per level.
                   A        B        C        D        E       F      G
               +--------+--------+--------+--------+--------+-----+--------+
         Total |    294 |    294 |      0 |    173 |      0 |   1 |  294.0 |
       Dungeon |    294 |    294 |      0 |    173 |      0 |   1 |  294.0 |
               +--------+--------+--------+--------+--------+-----+--------+

Top non-repeatable levels by time:
       D: 294 daAuts
